 Dungeon Crawl Stone Soup version 0.30-a0-867-g305f33218d (webtiles) character file.

Game seed: 6769896905282622613

109 iguanaiguana the Chiller (level 4, 0/35 HPs)
             Began as an Armataur Ice Elementalist on Mar 10, 2023.
             Was an Initiate of Ashenzari.
             Slain by a hound (3 damage)
             ... on level 5 of the Dungeon.
             The game lasted 00:05:32 (593 turns).

iguanaiguana the Chiller (Armataur Ice Elementalist) Turns: 593, Time: 00:05:33

Health: 0/35       AC:  4    Str: 14    XL:     4   Next: 60%
Magic:  0/7        EV:  9    Int: 17    God:    Ashenzari [......]
Gold:   40         SH:  0    Dex: 10    Spells: 1/8 levels left

rFire   . . .      SeeInvis .    h - +0 dagger
rCold   . . .      Faith    .    (no shield)
rNeg    . . .      Spirit   .    a - +0 robe
rPois   .          Reflect  .    f - +0 hat
rElec   .          Roll     +    (no cloak)
rCorr   .                        (no gloves)
Will    .....                    (no barding)
Stlth   ++                       (no amulet)
HPRegen 0.25/turn                (no ring)
MPRegen 0.10/turn                (no ring)

@: freezing walls
A: large, rugged brown scales 3, deformed body, armoured tail, roll, long
tongue, awkward tongue
a: Renounce Religion


You were on level 5 of the Dungeon.
You worshipped Ashenzari.
Ashenzari was noncommittal.
You visited 2 branches of the dungeon, and saw 6 of its levels.

You collected 40 gold pieces.

Inventory:

Hand Weapons
 h - a +0 dagger (weapon)
Armour
 a - a +0 robe (worn)
 f - a +0 hat (worn)
Scrolls
 c - a scroll of enchant weapon {unknown}
 d - a scroll of fog {unknown}
 e - a scroll of teleportation {unknown}
 g - a scroll of immolation {unknown}


   Skills:
 - Level 1.3 Dodging
 - Level 2.1 Stealth
 - Level 2.5 Spellcasting
 * Level 5.1 Ice Magic


You had one spell level left.
You knew the following spells:

 Your Spells              Type           Power      Damage    Failure   Level
a - Freeze                Ice            76%        1d8       2%          1
b - Frozen Ramparts       Ice            38%        1d6       7%          3
c - Ozocubu's Armour      Ice            19%        N/A       7%          3

Your spell library contained the following spells:

 Spells                   Type           Power      Damage    Failure   Level
 Gell's Gravitas          Tloc           2%         N/A       50%         3
 Teleport Other           Tloc           2%         N/A       50%         3
 Summon Ice Beast         Ice/Summ       10%        N/A       54%         4
 Dispersal                Tloc           1%         N/A       100%        6


Dungeon Overview and Level Annotations

Branches:
Dungeon (5/15) Zot: 26848  Temple (1/1) D:5 Zot: 5846

Altars:
Ashenzari
Cheibriados
Dithmenos
Elyvilon
Gozag
Hepliaklqana
Kikubaaqudgha
Makhleb
Okawaru
Qazlal
Ru
Sif Muna
Uskayaw
Vehumet
Wu Jian
Xom
Yredelemnul
The Shining One

Portals:
Sewer: D:5

Annotations:
D:5 3 runed translucent doors, mongooserunner's ghost, novice MiFi


Innate Abilities, Weirdness & Mutations

You are completely covered in rugged brown scales. (AC +3, +7% HP)
Armour fits poorly on your strangely shaped body.
You have a long armoured tail.
You roll when moving toward enemies. (Rampage)
Your long tongue fully drains potion bottles. (2x potion effects)
Your tongue gives you trouble enunciating. (1.5x scroll delay)


Message History

Magic courses through your body.
You hear the rusting of a drain nearby.
The iguana bites you!
* * * LOW HITPOINT WARNING * * *
Casting: Frozen Ramparts (dangerous; 8% risk of failure)
Confirm with . or Enter, or press ? or * to list all spells.
Casting: Frozen Ramparts (dangerous; 8% risk of failure)
Press: ? - help, Dir - look around, f - activate The walls around you are covered in ice.
The wall freezes the iguana.
Casting: Frozen Ramparts (dangerous; 8% risk of failure)
Confirm with . or Enter, or press ? or * to list all spells.
A film of ice covers your body!
You hit the iguana.
The iguana is almost dead.
The wall freezes the iguana.
You kill the iguana!
Your Ice Magic skill increases to level 5!
Your icy armour cracks and falls away as you move.
The frozen ramparts melt away as you move.
You now have 40 gold pieces (gained 18).
A hound comes into view.
The hound barks!
The adder hisses angrily.
You hear an angry hiss.
Casting: Ozocubu's Armour (dangerous; 7% risk of failure)
Confirm with . or Enter, or press ? or * to list all spells.
Casting: Frozen Ramparts (dangerous; 7% risk of failure)
Press: ? - help, Dir - look around, f - activate The walls around you are covered in ice.
The wall freezes the hound.
You barely miss the hound.
The hound is moderately wounded.
The wall freezes the hound.
The hound bites you.
* * * LOW HITPOINT WARNING * * *
The hound bites you.
* * * LOW HITPOINT WARNING * * *
You barely miss the hound.
Your tail-slap misses the hound.
The hound is moderately wounded.
The wall freezes the hound.
The hound bites you.
You die...

##.##.##....O..#.###.#......
...##.##...............#####
......####+++###.......#~~~~
##.#####(....(.#.###...+S~∩~
#...####..(....#.###...#S~~~
.......#....♣..#...#...#####
..?.##.#♣(.....#............
..#.##.#...(.(.###......####
>......#########@h.......#
..#.#..##.#.###.##......##
...#....#.#............##
#.#.#.#†..............##
...#......###.#.#[.##.#
#.#.#.#.#.##.##.##.# ...
#........)... ..##..# ###
#.#.......#.....##..#
#...................#


You could see a hound.

Vanquished Creatures
  A hound (D:5)
  A jelly (D:3)
  An iguana (D:5)
  2 adders
  An orc (D:5)
  A hobgoblin (D:5)
  A rat (D:3)
8 creatures vanquished.

Notes
Turn   | Place    | Note
-------+----------+-------------------------------------------
     0 | D:1      | iguanaiguana the Armataur Ice Elementalist began the quest
                  | for the Orb.
     0 | D:1      | Reached XP level 1. HP: 14/14 MP: 3/3
   128 | D:3      | Reached XP level 2. HP: 3/21 MP: 0/5
   129 | D:3      | HP: 1/21 [poisoned by an adder]
   265 | D:3      | Reached skill level 4 in Ice Magic
   265 | D:3      | Reached XP level 3. HP: 22/27 MP: 0/6
   269 | D:3      | Learned a level 3 spell: Frozen Ramparts
   288 | D:5      | Entered Level 5 of the Dungeon
   303 | D:5      | Found a staircase to the Ecumenical Temple.
   309 | D:5      | Noticed an ogre
   314 | D:5      | Found a runed translucent gate.
   314 | D:5      | Found a runed translucent gate.
   318 | Temple   | Entered the Ecumenical Temple
   448 | Temple   | Became a worshipper of Ashenzari the Shackled
   477 | D:5      | Found a runed translucent gate.
   478 | D:5      | Noticed mongooserunner's ghost (novice MiFi)
   487 | D:5      | Found a glowing drain.
   496 | D:5      | Reached XP level 4. HP: 27/35 MP: 3/7
   531 | D:5      | Learned a level 3 spell: Ozocubu's Armour
   577 | D:5      | Reached skill level 5 in Ice Magic
   593 | D:5      | Slain by a hound

Illustrated notes

Levels and vault maps discovered:
D:1:      beargit_arrival_diablo_church, layout_basic
D:2:      layout_basic
D:3:      layout_basic
D:4:      nicolae_cairo_tiling_large, layout_rooms, nicolae_elemental_shop,
          uniq_duvessa
D:5:      layout_loops_ring, lemuel_round_altar, minmay_temple_entry_statues,
          gup_sewer_entry_glass, ebering_ghost_rock_garden,
          hangedman_decor_riveting
Temple:   mainiacjoe_temple_hex_bubbles

Skill      XL: |  1  2  3  4 |
---------------+-------------+-----
Spellcasting   | 2 |  2.5
Ice Magic      | 4 5 |  5.1
Dodging        | |  1.3
Stealth        | |  2.1

Action                     |  1- 3 |  4- 6 || total
---------------------------+-------+-------++-------
  Melee: Unarmed           |    22 |       ||    22
         Tailslap          |     1 |       ||     1
         Dagger            |       |    12 ||    12
   Cast: Freeze            |     8 |     1 ||     9
         Frozen Ramparts   |     1 |     4 ||     5
         Ozocubu's Armour  |       |     1 ||     1
    Use: Potion            |       |     1 ||     1
 Armour: Robe              |     9 |     3 ||    12
  Dodge: Dodged            |    12 |     7 ||    19

Table legend: (Time is in decaauts)
 A = Elapsed time spent in this place.
 B = Non-inter-level travel time spent in this place.
 C = Inter-level travel time spent in this place.
 D = Time resting spent in this place.
 E = Time spent auto-exploring this place.
 F = Levels seen in this place.
 G = Mean time per level.
                   A        B        C        D        E       F      G
               +--------+--------+--------+--------+--------+-----+--------+
         Total |    592 |    592 |      0 |     33 |      0 |   6 |   98.7 |
       Dungeon |    438 |    438 |      0 |     33 |      0 |   5 |   87.6 |
        Temple |    153 |    153 |      0 |      0 |      0 |   1 |  153.0 |
               +--------+--------+--------+--------+--------+-----+--------+

Top non-repeatable levels by time:
     D:3: 197 daAuts
  Temple: 153 daAuts
     D:5: 150 daAuts
     D:2: 44 daAuts
     D:1: 37 daAuts
     D:4: 8 daAuts
